 Dungeon Crawl Stone Soup version 0.30-a0-760-g5a9884bb7c (webtiles) character file.

Game seed: 1212121714220089341

19854 M4edhros the Nimble (level 12, -1/84 HPs)
             Began as an Octopode Transmuter on Feb 9, 2023.
             Was a High Priest of Cheibriados.
             Shot with an arrow by a centaur (11 damage)
             ... led by a centaur warrior
             ... on level 13 of the Dungeon on Feb 11, 2023.
             The game lasted 00:58:47 (7085 turns).

M4edhros the Nimble (Octopode Transmuter)           Turns: 7085, Time: 00:58:47

Health: -1/84      AC:  1    Str: 23    XL:     12   Next: 73%
Magic:  19/19      EV: 31    Int: 37    God:    Cheibriados [*****.]
Gold:   480        SH:  0    Dex: 36    Spells: 9/21 levels left

rFire   . . .      SeeInvis .    q - +7 staff of the Meek {protect, meekguard}
rCold   . . .      Faith    .    (shield currently unavailable)
rNeg    . . .      Spirit   .    d - +0 hat
rPois   +          Reflect  .    (no amulet)
rElec   .          Harm     .    c - +6 ring of intelligence
rCorr   +          Rampage  .    j - ring of poison resistance
Will    .....                    u - +5 ring of evasion
Stlth   +++++                    F - ring "Posoyth" {Int+3 Dex+6}
HPRegen 0.34/turn                H - ring of resist corrosion
MPRegen 0.16/turn                (no ring)
                                 (no ring)
                                 (no ring)

@: very slow
A: almost no armour, amphibious, 8 rings, camouflage 1, gelatinous body 1,
(nimble swimmer 1), tentacles
a: Renounce Religion, Bend Time, Temporal Distortion, Slouch, Step From Time


You were on level 13 of the Dungeon.
You worshipped Cheibriados.
Cheibriados was extremely pleased with you.
You visited 2 branches of the dungeon, and saw 14 of its levels.
You also visited: Sewer.

You collected 618 gold pieces.
You spent 138 gold pieces at shops.

Inventory:

Hand Weapons
 m - a +0 bardiche
 q - the +7 staff of the Meek (weapon) {protect, meekguard}
   (You found it on level 5 of the Dungeon)
Missiles
 b - 3 boomerangs of dispersal
 g - 8 silver javelins
 i - 15 poisoned darts
 r - 2 atropa-tipped darts
 v - 7 curare-tipped darts
Armour
 d - a +0 hat (worn)
 y - a +0 kite shield
Jewellery
 c - a +6 ring of intelligence (left tentacle)
 j - a ring of poison resistance (right tentacle)
 u - a +5 ring of evasion (on tentacle)
 F - the ring "Posoyth" (on tentacle) {Int+3 Dex+6}
   (You found it on level 10 of the Dungeon)

   [ring of dexterity]

   Int:       It affects your intelligence (+3).
   Dex:       It affects your dexterity (+6).
 H - a ring of resist corrosion (on tentacle)
Wands
 a - a wand of flame (2)
 l - a wand of charming (3)
 o - a wand of roots (9)
 w - a wand of polymorph (5)
Scrolls
 e - 5 scrolls of enchant armour
 f - 6 scrolls of enchant weapon
 s - a scroll of magic mapping (quivered)
 t - a scroll of blinking
 B - a scroll of poison
Potions
 h - 4 potions of attraction
 k - 2 potions of cancellation
 n - 3 potions of mutation
 p - 2 potions of magic
 x - 4 potions of curing
 z - 2 potions of brilliance
 A - a potion of flight
 C - a potion of berserk rage
 D - 2 potions of lignification
 E - a potion of heal wounds
 G - 2 potions of ambrosia


   Skills:
 + Level 8.4 Fighting
 - Level 7.0 Staves
 + Level 9.7 Dodging
 - Level 6.0 Stealth
 - Level 5.3 Unarmed Combat
 - Level 5.0 Spellcasting
 * Level 8.7 Summonings
 - Level 5.5 Transmutations
 - Level 3.5 Ice Magic
 - Level 2.0 Poison Magic
 - Level 5.0 Invocations
 - Level 5.0 Evocations


You had 9 spell levels left.
You knew the following spells:

 Your Spells              Type           Power      Damage    Failure   Level
a - Beastly Appendage     Tmut           100%       N/A       1%          1
b - Spider Form           Tmut/Pois      37%        N/A       2%          3
c - Ice Form              Ice/Tmut       42%        N/A       5%          4
d - Summon Ice Beast      Ice/Summ       53%        N/A       3%          4

Your spell library contained the following spells:

 Spells                   Type           Power      Damage    Failure   Level
 Passwall                 Tmut/Erth      24%        N/A       1%          2
 Wereblood                Tmut           50%        N/A       1%          2
 Ensorcelled Hibernation  Hex/Ice        44%        N/A       2%          2
 Frozen Ramparts          Ice            70%        1d11      2%          3
 Necrotise                Necr           36%        1d5       3%          1
 Dazzling Flash           Conj/Hex       18%        N/A       11%         3
 Inner Flame              Hex/Fire       9%         N/A       11%         3
 Swiftness                Air            9%         N/A       11%         3
 Vampiric Draining        Necr           9%         2d6       11%         3
 Anguish                  Hex/Necr       4%         N/A       34%         4
 Cause Fear               Hex            4%         N/A       34%         4
 Monstrous Menagerie      Summ           32%        N/A       65%         7
 Agony                    Necr           9%         N/A       69%         5
 Silence                  Hex/Air        4%         N/A       69%         5
 Discord                  Hex            4%         N/A       100%        8
 Dragon's Call            Summ           32%        N/A       100%        9


Dungeon Overview and Level Annotations

Branches:
Dungeon (13/15)            Temple (1/1) D:6            Lair (0/5) D:9
    Orc (0/2) D:10          Sewer (visited)
 Vaults: D:13-14

Altars:
Ashenzari
Cheibriados
Dithmenos
Elyvilon
Fedhas
Gozag
Hepliaklqana
Kikubaaqudgha
Makhleb
Okawaru
Qazlal
Ru
Sif Muna
Trog
Uskayaw
Vehumet
Wu Jian
Xom
Yredelemnul
Zin
The Shining One

Shops:
D:6 ?

Portals:
Bazaar: D:11

Annotations:
D:3 2 transporters, vrbfk's ghost, weakling MiFi


Innate Abilities, Weirdness & Mutations

You cannot wear most types of armour.
You are amphibious.
You can wear up to eight rings at the same time.
Your skin changes colour to match your surroundings (Stealth+).
Your rubbery body absorbs attacks. (AC +1, EV +1)
((You are camouflaged when in or above water. (Stealth+)))
You have tentacles for arms and can constrict up to eight enemies at once.


Message History

Press ? for a list of commands and other information.
Cast which spell? (? or * to list)
Okay, then.
Unknown command.
Cast which spell? (? or * to list)
A chill wind blows around you.
Your ice beast hits the deep elf pyromancer.
Your ice beast freezes the deep elf pyromancer!
The deep elf pyromancer points at you and mumbles some strange words.
The bolt of fire hits you!!
Your ice beast misses the deep elf pyromancer.
Your ice beast hits the deep elf pyromancer.
Your ice beast freezes the deep elf pyromancer!
The deep elf pyromancer hits your ice beast but does no damage.
Your ice beast hits the deep elf pyromancer.
Your ice beast freezes the deep elf pyromancer!
The deep elf pyromancer dies!
Cheibriados appreciates the change of pace.
Things that are here:
a +0 short sword; an elf corpse You pick up a book of Burglary and begin reading...
You add the spells Passwall and Swiftness to your library.
Unknown command.
Unknown command.
A centaur warrior and a centaur come into view.
The centaur warrior shouts!
A centaur comes into view.
The centaur warrior wields a +0 shortbow.
The centaur warrior shoots an arrow.
The arrow hits you!
The centaur wields a +0 shortbow.
The centaur shoots an arrow.
The arrow closely misses you.
A centaur comes into view.
The centaur wields a +0 shortbow.
The centaur shoots an arrow.
The arrow completely misses you.
The centaur shoots an arrow.
The arrow completely misses you.
The centaur shoots an arrow.
The arrow hits you!
The centaur warrior shoots an arrow.
The arrow hits you!!
* * * LOW HITPOINT WARNING * * *
The centaur shoots an arrow.
The arrow hits you!
You die...

#.#####.... #...c..#
#....##....
#..cc..###....##.... #
#....c.#.......#....
#.#..... #.......##.##
###.##...###.......'...#
..........##.......##..#
#...............###...
#...@.Y........# ##..
#..............# ###
#..............# #.
#####.........## #.
#.........# #.
#.........# #.
#.......).# #.
#.........# #.
######.#### #.


You could see a centaur warrior, 3 centaurs and a friendly ice beast (summoned).

Vanquished Creatures
  A hydra (D:13)
  3 two-headed ogres (D:10)
  2 centaur warriors (D:10)
  A deep troll earth mage (D:10)
  Amaemon (D:9)
  A flayed ghost (D:10)
  Pikel (D:6)
  3 deep elf pyromancers
  An ugly thing (D:12)
  A manticore (D:12)
  A gargoyle (D:13)
  An orange demon (D:9)
  A kobold demonologist (D:10)
  A freezing wraith (D:12)
  5 trolls
  A slime creature (D:10)
  A slime creature (shapeshifter) (D:10)
  A vampire (D:10)
  5 yaks
  3 wraiths
  An unseen horror simulacrum (D:10)
  A wyvern (D:9)
  A basilisk (D:10)
  8 vampire mosquitoes
  3 steam dragons
  Menkaure (D:4)
  A water moccasin (D:7)
  An ice beast (D:5)
  2 sky beasts
  3 orc warriors
  A black bear (D:4)
  A swamp drake (D:10)
  3 ogres
  4 centaurs
  A lemure (D:6)
  3 kobold brigands
  Blork the orc (D:5)
  6 bullfrogs
  2 necrophages
  5 wights
  13 killer bees (D:9)
  7 electric eels
  5 howler monkeys
  A hound (D:4)
  4 orc priests
  3 jellies
  4 gnoll boudas
  Terence (D:2)
  3 iguanas
  10 orc wizards
  23 gnolls
  A river rat (D:4)
  10 adders
  A white imp (D:6)
  2 ufetubi
  2 worms
  A dart slug (D:3)
  64 orcs
  6 endoplasms
  10 giant cockroaches
  3 goblins
  5 hobgoblins
  3 jackals (D:3)
  6 quokkas
  10 ball pythons
  4 bats
  4 frilled lizards
  11 kobolds
  7 rats
308 creatures vanquished.

Vanquished Creatures (collateral kills)
  A two-headed ogre (D:12)
  A deep elf pyromancer (D:13)
  A cyclops (D:12)
  A troll (D:13)
  3 yaks (D:10)
7 creatures vanquished.

Vanquished Creatures (others)
  A shadow (D:8)
  A plant (D:13)
2 creatures vanquished.

Grand Total: 317 creatures vanquished

Notes
Turn   | Place    | Note
-------+----------+-------------------------------------------
     0 | D:1      | M4edhros the Octopode Transmuter began the quest for the
                  | Orb.
     0 | D:1      | Reached XP level 1. HP: 13/13 MP: 3/3
   242 | D:1      | Reached XP level 2. HP: 18/18 MP: 5/5
   376 | D:2      | Noticed Terence
   385 | D:3      | Found a transporter.
   385 | D:3      | Noticed vrbfk's ghost (weakling MiFi)
   393 | D:3      | Found a transporter.
   452 | D:4      | Reached XP level 3. HP: 10/23 MP: 6/6
   458 | D:4      | Learned a level 3 spell: Spider Form
   476 | D:4      | Found a glowing drain.
   481 | Sewer    | Entered a sewer
   595 | Sewer    | Reached skill level 1 in Poison Magic
   595 | Sewer    | Reached XP level 4. HP: 17/28 MP: 5/7
   758 | Sewer    | Noticed a bullfrog
   759 | Sewer    | Noticed a bullfrog
   765 | Sewer    | Killed a bullfrog
   766 | Sewer    | Reached XP level 5. HP: 28/33 MP: 4/8
   775 | Sewer    | Learned a level 4 spell: Ice Form
   837 | D:4      | Upgraded the game from 0.30-a0-755-g0b50240ab4 to
                  | 0.30-a0-758-gc2c871d025
   914 | D:5      | Entered Level 5 of the Dungeon
   950 | D:4      | Reached XP level 6. HP: 19/38 MP: 9/9
   974 | D:4      | Reached skill level 5 in Unarmed Combat
   974 | D:4      | Reached skill level 1 in Ice Magic
  1050 | D:4      | Found a large runed translucent door.
  1050 | D:4      | Found a large runed translucent door.
  1216 | D:4      | Found a glowing golden altar of the Shining One.
  1253 | D:4      | Noticed a black bear
  1262 | D:4      | Killed a black bear
  1263 | D:4      | Reached XP level 7. HP: 27/43 MP: 1/10
  1334 | D:4      | Noticed Menkaure
  1342 | D:4      | Killed Menkaure
  1343 | D:4      | Reached skill level 5 in Transmutations
  1466 | D:5      | Found a blossoming altar of Fedhas.
  1485 | D:5      | Found a hide-covered altar of Uskayaw.
  1496 | D:5      | Found the +7 staff of the Meek {protect, meekguard}
  1561 | D:5      | Noticed Blork the orc
  1572 | D:5      | Killed Blork the orc
  1573 | D:5      | Reached skill level 1 in Staves
  1573 | D:5      | Reached skill level 3 in Dodging
  1575 | D:5      | Found a radiant altar of Vehumet.
  1607 | D:5      | Reached XP level 8. HP: 13/51 MP: 11/11
  1937 | D:6      | Found a stormy altar of Qazlal.
  1973 | D:6      | Found a staircase to the Ecumenical Temple.
  2011 | Temple   | Entered the Ecumenical Temple
  2103 | Temple   | Became a worshipper of Cheibriados the Contemplative
  2280 | D:2      | Found a sacrificial altar of Ru.
  2370 | D:2      | Killed Terence
  2376 | D:2      | Reached skill level 1 in Stealth
  2527 | D:3      | Reached * piety under Cheibriados
  2851 | D:3      | Reached skill level 1 in Evocations
  2892 | D:3      | Reached ** piety under Cheibriados
  2899 | D:3      | Reached skill level 4 in Dodging
  3134 | D:3      | Found a shimmering altar of Xom.
  3144 | D:3      | Found a bloodstained altar of Trog.
  3234 | D:4      | Found a hazy altar of Hepliaklqana.
  3246 | D:4      | Found a sacrificial altar of Ru.
  3436 | D:6      | Noticed Pikel
  3448 | D:6      | Killed Pikel
  3449 | D:6      | Reached skill level 5 in Dodging
  3449 | D:6      | Reached XP level 9. HP: 53/58 MP: 12/12
  3453 | D:6      | Reached *** piety under Cheibriados
  3467 | D:6      | Found Moqablub's Magic Scroll Shoppe.
  3490 | D:6      | Bought a scroll of fear for 48 gold pieces
  3490 | D:6      | Bought a scroll of blinking for 90 gold pieces
  3642 | D:7      | Reached skill level 6 in Dodging
  3730 | D:8      | Reached skill level 5 in Staves
  3802 | D:7      | Reached skill level 5 in Stealth
  4042 | D:7      | Reached **** piety under Cheibriados
  4043 | D:7      | Reached XP level 10. HP: 32/65 MP: 14/14
  4063 | D:7      | Identified the +1 scale mail "Ysoumuig" {Int+3}
  4113 | D:7      | Reached skill level 5 in Fighting
  4269 | D:8      | Learned a level 4 spell: Summon Ice Beast
  4403 | D:9      | Reached skill level 1 in Invocations
  4410 | D:9      | Reached skill level 1 in Summonings
  4439 | D:9      | Reached ***** piety under Cheibriados
  4440 | D:9      | Reached skill level 7 in Dodging
  4496 | D:9      | Found a staircase to the Lair.
  4740 | D:9      | Found a shimmering blue altar of Sif Muna.
  4766 | D:9      | Noticed a deep elf pyromancer
  4925 | D:9      | Killed a deep elf pyromancer
  4955 | D:9      | Noticed an orange demon
  4957 | D:9      | Noticed Amaemon
  4964 | D:9      | Killed an orange demon
  4965 | D:9      | Reached skill level 5 in Evocations
  4977 | D:9      | Killed Amaemon
  4978 | D:9      | Reached XP level 11. HP: 20/71 MP: 15/15
  5095 | D:10     | Entered Level 10 of the Dungeon
  5102 | D:10     | Noticed a two-headed ogre
  5111 | D:10     | Killed a two-headed ogre
  5112 | D:10     | Reached skill level 5 in Summonings
  5112 | D:10     | Reached skill level 5 in Invocations
  5160 | D:10     | Noticed a two-headed ogre
  5178 | D:10     | Killed a two-headed ogre
  5380 | D:10     | Found a staircase to the Orcish Mines.
  5402 | D:10     | Reached skill level 8 in Dodging
  5480 | D:10     | Noticed a centaur warrior
  5487 | D:10     | Killed a centaur warrior
  5514 | D:10     | Got the Catalogue of Decompression
  5552 | D:10     | Noticed a two-headed ogre
  5557 | D:10     | Killed a two-headed ogre
  5597 | D:10     | Noticed a flayed ghost
  5635 | D:10     | Killed a flayed ghost
  5671 | D:10     | Identified the ring "Posoyth" {Int+3 Dex+6}
  5851 | D:10     | Noticed a centaur warrior
  5856 | D:10     | Killed a centaur warrior
  5864 | D:10     | Noticed a salamander
  5865 | D:10     | a salamander changed into a slime creature
  5936 | D:10     | Noticed a deep troll earth mage
  6141 | D:10     | Killed a deep troll earth mage
  6142 | D:10     | Reached XP level 12. HP: 45/81 MP: 18/18
  6364 | D:11     | Found a gateway to a bazaar.
  6401 | D:11     | Reached skill level 5 in Spellcasting
  6537 | D:12     | Reached skill level 9 in Dodging
  6823 | D:12     | Noticed a two-headed ogre
  6838 | D:12     | Killed a two-headed ogre
  6947 | D:13     | Found a faded altar of an unknown god.
  6947 | D:13     | Found a faded altar of an unknown god.
  6947 | D:13     | Found a hazy altar of Hepliaklqana.
  6947 | D:13     | Noticed a seven-headed hydra
  6958 | D:13     | Killed a seven-headed hydra
  7070 | D:13     | Upgraded the game from 0.30-a0-758-gc2c871d025 to
                  | 0.30-a0-760-g5a9884bb7c
  7084 | D:13     | Noticed a centaur warrior
  7085 | D:13     | Shot with an arrow by a centaur

Illustrated notes

Levels and vault maps discovered:
D:1:      amcnicky_arrival_wind_blow, layout_loops_ring, grunt_decor_resistance
D:2:      layout_basic, basic_altar, grunt_ministairs_1, uniq_terence
D:3:      lemuel_castle_with_subvaults [lemuel_castle_interior_carwin_1],
          layout_basic, mainiacjoe_overflow_large_starburst,
          gammafunk_ghost_arena, grunt_ministairs_7, minmay_tree_intersection,
          kennysheep_cross_bottleneck, uniq_jessica
D:4:      layout_gridville, kennysheep_little_box, jmf_multi_god_temple2,
          lightli_sewer_entry_pipes, uniq_menkaure
D:5:      layout_loops_ring, fiery_altar_vehumet, mainiacjoe_overflow_paths,
          mainiacjoe_overflow_alcove_1, minmay_misc_feat_columns,
          feat_on_display, uniq_blork_the_orc
D:6:      layout_basic, grunt_qazlal_clouds, minmay_temple_entry_stoned_glass,
          serial_shops, nicolae_diamond_shop, skrybe_limestone_x,
          reono_crystal_passage, uniq_sigmund, uniq_pikel
D:7:      layout_cave_pods, dk_noncrumbling_3
D:8:      layout_loops_ring
D:9:      layout_small_grid, lemuel_blue_sif_altar, david_lair_shrubbed,
          serial_glass, glass_columns_b, glass_columns_b, dk_vineyard_1,
          lightli_fourway_metalbox, uniq_amaemon
D:10:     minmay_chopped_fan, layout_basic, erik_orc_1, special_room
          [special_room_bee], chequers_serial_rivers_room_b
D:11:     layout_basic, serial_shops, freezing_bzr
D:12:     layout_loops_corners, uniq_frances
D:13:     layout_basic, skrybe_vaults_entry_preservation, serial_shops,
          shop_statue, nicolae_hepliaklqana_ecumenical_no_more, uniq_azrael
Temple:   nicolae_temple_bog_church

Skill      XL: |  1  2  3  4  5  6  7  8  9 10 11 12 |
---------------+-------------------------------------+-----
Transmutations | 3 4 5 |  5.5
Poison Magic   | 1 2 |  2.0
Unarmed Combat | 4 5 |  5.3
Ice Magic      | 2 3 |  3.5
Fighting       | 2 4 5 7 8 |  8.4
Staves         | 1 3 5 7 |  7.0
Dodging        | 3 5 6 7 8 9 |  9.7
Stealth        | 3 5 6 |  6.0
Evocations     | 3 5 |  5.0
Spellcasting   | 3 4 5 |  5.0
Invocations    | 4 5 |  5.0
Summonings     | 4 6 8 |  8.7

Action                     |  1- 3 |  4- 6 |  7- 9 | 10-12 || total
---------------------------+-------+-------+-------+-------++-------
  Melee: Unarmed           |    50 |    85 |    12 |    20 ||   167
         Constrict         |    13 |    17 |    61 |    43 ||   134
         Tentacles         |    11 |    14 |    50 |    76 ||   151
         Punch             |     1 |     1 |    17 |    16 ||    35
         Kick              |       |     1 |       |     2 ||     3
         Quarterstaff      |       |       |   244 |   294 ||   538
  Throw: Dart              |       |       |       |     1 ||     1
   Cast: Beastly Appendage |     2 |       |       |     1 ||     3
         Spider Form       |       |     1 |       |       ||     1
         Ice Form          |       |     3 |     2 |     1 ||     6
         Summon Ice Beast  |       |       |       |    13 ||    13
 Invoke: Slouch            |       |       |       |     3 ||     3
Ability: End Transformatio |       |     1 |       |       ||     1
  Evoke: Wand              |       |       |    16 |    34 ||    50
    Use: Potion            |     3 |       |     2 |     4 ||     9
         Scroll            |       |       |    12 |    12 ||    24
   Stab: Sleeping          |     8 |     3 |    14 |    11 ||    36
         Distracted        |       |       |     2 |     4 ||     6
 Armour: Skin              |     2 |    13 |    74 |    68 ||   157
  Dodge: Dodged            |    22 |    62 |   205 |   353 ||   642

Table legend: (Time is in decaauts)
 A = Elapsed time spent in this place.
 B = Non-inter-level travel time spent in this place.
 C = Inter-level travel time spent in this place.
 D = Time resting spent in this place.
 E = Time spent auto-exploring this place.
 F = Levels seen in this place.
 G = Mean time per level.
                   A        B        C        D        E       F      G
               +--------+--------+--------+--------+--------+-----+--------+
         Total |   9759 |   8409 |   1350 |    280 |    365 |  15 |  650.6 |
       Dungeon |   9309 |   7965 |   1344 |    164 |    295 |  13 |  716.1 |
        Temple |     98 |     92 |      6 |      0 |     70 |   1 |   98.0 |
         Sewer |    350 |    350 |      0 |    116 |      0 |   1 |  350.0 |
               +--------+--------+--------+--------+--------+-----+--------+

Top non-repeatable levels by time:
    D:10: 1570 daAuts
     D:9: 1218 daAuts
     D:3: 916 daAuts
     D:7: 911 daAuts
    D:12: 765 daAuts
     D:4: 724 daAuts
     D:6: 632 daAuts
    D:11: 558 daAuts
     D:5: 505 daAuts
     D:2: 438 daAuts
     D:1: 415 daAuts
     D:8: 409 daAuts
   Sewer: 350 daAuts
    D:13: 241 daAuts
  Temple: 98 daAuts
